 Dungeon Crawl Stone Soup version 0.31-a0-175-g9f7f995f2b (webtiles) character file.

Game seed: 6429753558765578139

74 qw the Shooter (level 4, 0/40 HPs)
             Began as a Naga Hunter on June 17, 2023.
             Slain by Robin
             ... wielding a +0 mace
              (4 damage)
             ... on level 3 of the Dungeon.
             The game lasted 00:00:33 (1375 turns).

qw the Shooter (Naga Hunter)                        Turns: 1375, Time: 00:00:33

Health: 0/40       AC:  2    Str: 12 (14) XL:     4   Next: 28%
Magic:  4/4        EV:  9    Int:  6 (9)  God:
Gold:   73         SH:  0    Dex: 20 (22) Spells: 3/3 levels left

rFire   . . .        Y - +0 shortbow
rCold   . . .        (shield currently unavailable)
rNeg    . . .        c - +0 leather armour
rPois   +            (no helmet)
rElec   .            (no cloak)
rCorr   .            (no gloves)
SInv    +            (no barding)
Will    .....        (no amulet)
Stlth   ++           f - +6 ring of dexterity
HPRegen 0.26/turn    (no ring)
MPRegen 0.09/turn

%: no passive effects
@: lethally poisoned (0 -> 0), short of breath, very slow
A: AC +1, large, see invisible, deformed body, poison resistance, slowness 2,
spit poison 1, naga tail 1
a: Spit Poison


You were on level 3 of the Dungeon.
You visited 1 branch of the dungeon, and saw 3 of its levels.

You collected 73 gold pieces.


Innate Abilities, Weirdness & Mutations

Your serpentine skin is tough. (AC +1)
You have supernaturally acute eyesight. (SInv)
Armour fits poorly on your strangely shaped body.
Your system is resistant to poisons. (rPois)
You cover ground very slowly.
You can spit poison.
You have a snake-like lower body.


   Skills:
 + Level 2.3 Fighting
 - Level 5.0 Ranged Weapons
 - Level 1.5 Dodging
 - Level 1.5 Stealth


You had 3 spell levels left.
You didn't know any spells.
Your spell library was empty.

Inventory:

Hand Weapons
 Y - a +0 shortbow (weapon)
Armour
 c - a +0 leather armour (worn)
Jewellery
 f - a +6 ring of dexterity (left hand)
Potions
 b - a potion of lignification {unknown}
 d - a potion of haste {unknown}
 e - a potion of brilliance {unknown}
 g - a potion of mutation {unknown}

Dungeon Overview and Level Annotations

Branches:
Dungeon (3/15)

Altars:
Cheibriados
Zin

Annotations:
D:3 Robin


Message History

The hobgoblin hits you. Robin throws the goblin at you!
The goblin hits you with a +0 dagger of venom.
You shoot an arrow. The arrow hits the goblin.
The goblin is moderately wounded.
You have got your breath back.
The goblin barely misses you. The hobgoblin hits you.
The goblin completely misses you.
The goblin hits you with a +0 dagger of venom.
You are poisoned.
The goblin hits you with a +0 dagger. The hobgoblin barely misses you.
1370 ||| INVOKING Spit Poison.
Aiming: Spit Poison (1% risk of failure)
Press: ? - help, Shift-Dir - straight line, f/p - goblin The splash of poison hits the goblin!
The goblin is poisoned.
You kill the goblin!
You feel very sick. The goblin barely misses you. The hobgoblin hits you.
You shoot an arrow. The arrow hits the goblin!
You kill the goblin!
You feel sick. The hobgoblin closely misses you.
You shoot an arrow. The arrow closely misses the hobgoblin.
The arrow misses the bat.
You feel sick. The hobgoblin hits you.
You shoot an arrow. The arrow hits the hobgoblin.
The hobgoblin is lightly wounded.
You have got your breath back.
You feel sick. The hobgoblin hits you.
1374 ||| INVOKING Spit Poison.
Aiming: Spit Poison (1% risk of failure)
Press: ? - help, Shift-Dir - straight line, f/p - hobgoblin The splash of poison hits the hobgoblin.
The hobgoblin is poisoned.
The hobgoblin is almost dead.
You feel sick.
You kill the hobgoblin!
The bat closely misses you.
You shoot an arrow. The arrow closely misses Robin.
The arrow barely misses the bat.
You feel sick. Robin hits you with a +0 mace.
You die...

#..>..#....##.........
#......#.............#
#...#........##.....##
###...#...............#
...............#####..#
.###._.###...### ..#
..?#...#.:....# ..#
.#.##.##)#.##.# <..
.#...bg@)#.# .# #.
.####g####.# .#
............#.#
.####.####....#
.#.......#.##.#
.#.##.##.#.. .#
...#...#..... .
.###._.###.##.


You could see Robin, a hobgoblin and a bat.

Vanquished Creatures
  2 adders (D:2)
  A worm (D:2)
  4 ball pythons
  A bat (D:1)
  6 endoplasms
  3 giant cockroaches
  8 goblins
  2 hobgoblins
  8 kobolds
  5 quokkas
  6 rats
46 creatures vanquished.

Notes
Turn   | Place    | Note
-------+----------+-------------------------------------------
     0 | D:1      | qw the Naga Hunter began the quest for the Orb.
     0 | D:1      | Reached XP level 1. HP: 19/19 MP: 1/1
     0 | D:1      | 0 ||| qw: Version: 0.3-a-2-g5ab2908
     0 | D:1      | 0 ||| qw: Game counter: 296
     0 | D:1      | 0 ||| qw: Always use a shield: true
     0 | D:1      | 0 ||| qw: God list: Okawaru
     0 | D:1      | 0 ||| qw: Allow faded altars: false
     0 | D:1      | 0 ||| qw: Do Orc after D:15 true
     0 | D:1      | 0 ||| qw: Do second Lair branch before Depths: true
     0 | D:1      | 0 ||| qw: Lair rune preference: random
     0 | D:1      | 0 ||| qw: Plans: Normal
     0 | D:1      | 0 ||| PLANNING D:1-11
    17 | D:1      | 17 ||| INVOKING Spit Poison.
    27 | D:1      | 27 ||| INVOKING Spit Poison.
    31 | D:1      | 31 ||| INVOKING Spit Poison.
    34 | D:1      | 34 ||| INVOKING Spit Poison.
    38 | D:1      | 38 ||| INVOKING Spit Poison.
    81 | D:1      | Found a faded altar of an unknown god.
   102 | D:1      | 102 ||| INVOKING Spit Poison.
   104 | D:1      | Reached skill level 4 in Ranged Weapons
   104 | D:1      | Reached XP level 2. HP: 26/26 MP: 2/2
   120 | D:1      | 120 ||| INVOKING Spit Poison.
   123 | D:1      | 123 ||| INVOKING Spit Poison.
   241 | D:1      | 241 ||| INVOKING Spit Poison.
   253 | D:1      | 253 ||| INVOKING Spit Poison.
   322 | D:1      | 322 ||| INVOKING Spit Poison.
   355 | D:1      | 355 ||| INVOKING Spit Poison.
   566 | D:1      | 566 ||| INVOKING Spit Poison.
   569 | D:1      | 569 ||| UPGRADING to +6 ring of dexterity.
   570 | D:1      | 570 ||| READING scroll labelled QACRUAD XAD.
   571 | D:1      | 571 ||| DROPPING scroll of butterflies.
   618 | D:2      | 618 ||| INVOKING Spit Poison.
   638 | D:2      | 638 ||| INVOKING Spit Poison.
   641 | D:2      | Reached XP level 3. HP: 32/32 MP: 3/3
   695 | D:2      | 695 ||| INVOKING Spit Poison.
   700 | D:2      | 700 ||| INVOKING Spit Poison.
   734 | D:2      | 734 ||| INVOKING Spit Poison.
   742 | D:2      | 742 ||| INVOKING Spit Poison.
   764 | D:2      | 764 ||| INVOKING Spit Poison.
   950 | D:2      | 950 ||| INVOKING Spit Poison.
   983 | D:2      | 983 ||| INVOKING Spit Poison.
  1012 | D:2      | 1012 ||| INVOKING Spit Poison.
  1021 | D:2      | 1021 ||| INVOKING Spit Poison.
  1254 | D:2      | 1254 ||| INVOKING Spit Poison.
  1259 | D:2      | Reached skill level 5 in Ranged Weapons
  1259 | D:2      | Reached XP level 4. HP: 39/39 MP: 4/4
  1266 | D:2      | 1266 ||| INVOKING Spit Poison.
  1272 | D:2      | 1272 ||| INVOKING Spit Poison.
  1291 | D:2      | 1291 ||| READING scroll labelled BUYBEE TAIRR.
  1292 | D:2      | 1292 ||| READING scroll labelled BOMESK ALOB.
  1293 | D:2      | 1293 ||| DRINKING 2 pink potions.
  1294 | D:2      | 1294 ||| DROPPING potion of degeneration.
  1338 | D:3      | 1338 ||| INVOKING Spit Poison.
  1350 | D:3      | Found a glowing silver altar of Zin.
  1354 | D:3      | 1354 ||| INVOKING Spit Poison.
  1356 | D:3      | Noticed Robin
  1357 | D:3      | Found a snail-covered altar of Cheibriados.
  1359 | D:3      | 1359 ||| INVOKING Spit Poison.
  1364 | D:3      | 1364 ||| INVOKING Spit Poison.
  1370 | D:3      | 1370 ||| INVOKING Spit Poison.
  1372 | D:3      | HP: 10/40 [hobgoblin[Robin] (1)]
  1374 | D:3      | 1374 ||| INVOKING Spit Poison.
  1375 | D:3      | HP: 4/40 [poisoned by a goblin]
  1375 | D:3      | Slain by Robin

Levels and vault maps discovered:
D:1:      minmay_arrival_checkered_box, layout_basic,
          shapermc_ecumenical_altar_mp_highgroup
D:2:      layout_loops_ring
D:3:      layout_loops_ring, mainiacjoe_overflow_large_starburst, uniq_natasha,
          uniq_robin, uniq_ijyb

Skill      XL: |  1  2  3 |
---------------+----------+-----
Ranged Weapons | 4 5 |  5.0
Fighting       | |  2.3
Dodging        | |  1.5
Stealth        | |  1.5

Action                     |  1- 3 |  4- 6 || total
---------------------------+-------+-------++-------
   Fire: Shortbow          |    55 |    22 ||    77
Ability: Spit Poison       |    25 |     8 ||    33
    Use: Scroll            |     1 |     2 ||     3
         Potion            |       |     1 ||     1
 Armour: Leather armour    |     6 |     2 ||     8
  Dodge: Dodged            |     8 |    11 ||    19

Table legend:
 A = Non-vault XP
 B = Vault XP
 C = Vault XP percentage of total XP
 D = Non-vault monster count
 E = Vault monster count
 F = Vault count percentage of total count
                 A         B        C        D         E       F
            +---------+---------+-------+---------+---------+-------
      Total |      94 |      12 |  11.3 |      40 |       6 |  13.0
            +---------+---------+-------+---------+---------+-------
        D:1 |      32 |       0 |   0.0 |      18 |       0 |   0.0
        D:2 |      58 |       0 |   0.0 |      20 |       0 |   0.0
        D:3 |       4 |      12 |  75.0 |       2 |       6 |  75.0
            +---------+---------+-------+---------+---------+-------
